Map: [ESL] Alcyone

Players

MacSed - Winner!

  • Race: Protoss Protoss
  • Spawn Location: 1:00

Jim

  • Race: Protoss Protoss
  • Spawn Location: 7:00

Event: ESL SC2 Masters 2024 Spring (Regional)

VOD

Have the link to the VOD?

Description

Time

  • Played on: April 17, 2024, 8:25 a.m.
  • Length: 9:46

All games in this series

Show
View Real Time Build Order
Export as new Build Order

MacSed Protoss - Winner!

Build Orders: Blink Stalkers 

Get SALT Encoding   

  12  0:00  Probe  
  13  0:12  Probe  
  14  0:17  Pylon  
  14  0:24  Probe (Chrono Boost)  
  15  0:36  Probe (Chrono Boost)  
  15  0:37  Gateway  
  16  0:43  Probe (Chrono Boost)  
  16  0:46  Assimilator  
  17  0:52  Probe  
  17  0:55  Assimilator  
  18  1:04  Probe (Chrono Boost)  
  18  1:08  Gateway  
  19  1:15  Probe (Chrono Boost)  
  20  1:20  Probe (Chrono Boost)  
  20  1:25  Cybernetics Core  
  21  1:30  Probe  
  22  1:36  Pylon  
  22  1:42  Probe  
  23  1:54  Probe  
  24  2:02  Sentry, Stalker  
  24  2:04  Warp Gate  
  24  2:07  Probe  
  29  2:14  Pylon  
  29  2:22  Probe  
  30  2:32  Sentry  
  32  2:40  Nexus  
  32  2:44  Probe (Chrono Boost)  
  33  2:48  Sentry  
  35  2:55  Probe (Chrono Boost)  
  36  2:59  Probe (Chrono Boost)  
  36  3:02  Twilight Council  
  37  3:10  Probe  
  38  3:15  Pylon  
  38  3:22  Probe  
  39  3:33  Blink (Chrono Boost)  
  39  3:34  Probe  
  40  3:46  Probe  
  41  3:53  Stalker x2  
  41  3:54  Probe  
  46  3:58  Probe  
  47  4:06  Probe  
  48  4:10  Probe  
  49  4:17  Nexus  
  49  4:18  Probe  
  49  4:23  Probe  
  51  4:26  Adept x2  
  51  4:30  Probe  
  56  4:35  Probe  
  56  4:36  Pylon  
  57  4:42  Probe  
  58  4:47  Stalker, Probe  
  61  4:53  Pylon, Forge  
  61  4:54  Stalker, Probe  
  61  4:57  Shield Battery  
  61  4:59  Probe  
  65  5:06  Robotics Facility, Probe  
  66  5:11  Probe  
  67  5:19  Stalker x2, Probe  
  70  5:31  Probe  
  70  5:34  Probe  
  73  5:35  Probe  
  73  5:37  Charge (Chrono Boost)  
  73  5:43  Probe  
  73  5:44  Gateway  
  73  5:45  Protoss Ground Weapons Level 1, Gateway  
  73  5:46  Stalker  
  73  5:47  Gateway  
  73  5:49  Gateway  
  74  5:52  Probe  
  73  5:57  Gateway  
  73  5:58  Gateway  
  73  6:03  Stalker  
  75  6:09  Immortal (Chrono Boost), Shield Battery  
  74  6:14  Stalker  
  74  6:16  Probe  
  74  6:17  Probe  
  82  6:19  Pylon  
  82  6:21  Pylon  
  82  6:28  Stalker  
  84  6:37  Zealot  
  84  6:42  Zealot x3  
  84  6:44  Zealot  
  92  6:51  Zealot x2  
  88  6:54  Immortal (Chrono Boost)  
  88  6:55  Zealot  
  88  6:58  Zealot  
  86  7:04  Stalker  
  86  7:05  Stalker  
  86  7:06  Zealot  
  86  7:07  Zealot  
  84  7:12  Zealot x2  
  78  7:17  Zealot  
  78  7:21  Zealot  
  73  7:26  Zealot  
  64  7:31  Zealot x3  
  64  7:34  Zealot  
  58  7:37  Stalker  
  58  7:39  Zealot  
  60  7:44  Probe x2  
  60  7:45  Zealot  
  60  7:50  Zealot  
  68  7:53  Zealot x2  
  68  7:57  Zealot x2  
  66  8:06  Zealot x3  
  66  8:12  Probe x2  
  60  8:15  Zealot x3  
  60  8:17  Stalker  
  60  8:19  Sentry  
  70  8:26  Probe x2  
  60  8:44  Zealot x5, Sentry x2, Stalker  
  60  8:48  Warp Prism (Chrono Boost)  
  78  9:10  Zealot x6  
  78  9:15  Zealot  
  92  9:28  Probe  
  91  9:33  Zealot x6  
  91  9:35  Zealot  
Show
View Real Time Build Order
Export as new Build Order

Jim Protoss 

Build Orders: Phoenix Opening, Blink Stalkers 

Get SALT Encoding   

  12  0:00  Probe  
  13  0:12  Probe  
  14  0:16  Pylon  
  14  0:24  Probe (Chrono Boost)  
  15  0:36  Probe (Chrono Boost), Gateway  
  16  0:45  Probe (Chrono Boost)  
  16  0:46  Assimilator  
  17  0:51  Probe  
  17  0:55  Assimilator  
  18  1:03  Probe (Chrono Boost)  
  19  1:08  Pylon  
  19  1:12  Probe (Chrono Boost)  
  19  1:17  Probe (Chrono Boost)  
  21  1:27  Cybernetics Core  
  21  1:29  Probe  
  22  1:36  Zealot  
  24  1:41  Probe  
  25  1:53  Probe  
  26  2:04  Sentry, Warp Gate  
  26  2:05  Probe  
  29  2:14  Nexus  
  29  2:20  Pylon  
  29  2:26  Sentry  
  29  2:29  Pylon  
  31  2:35  Phoenix  
  31  2:41  Twilight Council  
  31  2:47  Probe (Chrono Boost), Gateway  
  32  2:53  Shield Battery  
  32  2:57  Probe (Chrono Boost)  
  33  3:02  Probe (Chrono Boost)  
  34  3:09  Phoenix  
  34  3:10  Stalker  
  36  3:14  Probe  
  36  3:15  Blink (Chrono Boost)  
  37  3:25  Probe (Chrono Boost)  
  39  3:28  Probe (Chrono Boost)  
  40  3:36  Probe (Chrono Boost)  
  40  3:37  Probe (Chrono Boost)  
  41  3:42  Probe x2 (Chrono Boost)  
  43  3:52  Stalker, Probe x2  
  43  3:53  Stalker  
  49  4:05  Nexus  
  49  4:07  Probe  
  51  4:10  Phoenix  
  51  4:14  Robotics Facility  
  50  4:19  Probe  
  50  4:20  Pylon, Probe  
  52  4:32  Gateway  
  52  4:34  Stalker, Gateway  
  54  4:38  Stalker  
  54  4:43  Probe  
  54  4:44  Probe  
  58  4:56  Probe x2  
  60  5:01  Warp Prism  
  60  5:06  Charge (Chrono Boost)  
  62  5:09  Gateway  
  62  5:10  Gateway  
  62  5:17  Gateway  
  62  5:20  Stalker x2  
  66  5:27  Probe x2  
  67  5:38  Stalker x2  
  72  5:45  Stalker x2  
  72  5:49  Pylon  
  71  5:57  Gateway  
  71  6:09  Stalker  
  71  6:10  Zealot x3, Stalker  
  71  6:11  Zealot x2  
  83  6:18  Pylon  
  85  6:19  Pylon  
  85  6:38  Zealot x2  
  85  6:39  Zealot x5  
  89  6:54  Stalker  
  89  7:00  Zealot x4  
  89  7:01  Zealot x2  
  91  7:08  Stalker  
  75  7:21  Zealot x5  
  75  7:22  Zealot  
  77  7:29  Zealot  
  67  7:37  Forge  
  67  7:39  Zealot  
  67  7:42  Sentry x3  
  67  7:43  Zealot, Stalker  
  77  7:44  Sentry  
  75  7:56  Zealot  
  77  8:01  Zealot  
  77  8:04  Zealot  
  77  8:05  Zealot  
  71  8:06  Stalker  
  71  8:10  Stalker  
  63  8:14  Stalker x2  
  63  8:17  Zealot  
  65  8:23  Zealot  
  55  8:30  Probe x3  
  54  8:38  Zealot x2  
  54  8:39  Zealot x4  
  62  8:45  Zealot, Sentry  
  62  8:47  Observer (Chrono Boost)  
  65  9:02  Probe x2  
  67  9:03  Assimilator, Probe  
  67  9:06  Zealot x4  
  67  9:07  Zealot  
  78  9:10  Zealot  
  78  9:16  Zealot  
  82  9:19  Zealot  
  78  9:32  Stalker x2  
Tags
 
Add a new tag
Caveats
  • Supply blocks, unpowered buildings, or Contaminate may cause inaccurate times.
  • Supply counts are checked every 10 seconds.